[Event "Late-Titled-Tuesday-Blitz-March-26-2024"]
[Site "Chess.com"]
[Date "2024.03.26"]
[Round "2"]
[White "TimGrutter03"]
[Black "Mikhail_Bryakin"]
[Result "0-1"]
[WhiteElo "2580"]
[BlackElo "2860"]
[TimeControl "180+1"]
[EndTime "14:19:13 PDT"]
[Termination "Mikhail_Bryakin won by resignation"]

1. e4 d5 2. exd5 Qxd5 3. Nc3 Qe5+ 4. Be2 Bg4 5. d4 Bxe2 6. Ngxe2 Qa5 7. O-O Nf6 8. Bd2 Nc6 9. a4 Qh5 10. Bf4 O-O-O 11.
Bg3 e5 12. d5 Nb4 13. Nb5 a6 14.
Nbc3 Nbxd5 15. Nxd5 Nxd5 16. Qe1 f6 17. Rd1 Bc5 18. Nc1 Ba7 19. Nd3 Rhe8 20. Qa5 Bb6 21. Qe1 Nf4 22. Nxf4 Qxd1 23. Qxd1 Rxd1 24. Rxd1 exf4 25.
Bxf4 Re2 26. Bg3 Rxc2 27. Rb1 Bd4 28. b3 c5 29. Kf1 b5 30. axb5 axb5 31. Re1 Kd7 32.
Rd1 Kc6 33. Re1 Bc3 34. Re6+ Kd5 35. Rd6+ Ke4 36. f3+ Kf5 37. Rd5+ Be5 38. Bxe5 fxe5 39. Rd7 Rc3 40. Rc7 g5 41. Ke2 h5 42. Rc6 h4 43. h3 Kf4 44. Rf6+ Kg3 45. Rf5 Kxg2 46. Rxg5+ Kxh3 47. Rxe5 Kg3 48. Rg5+ Kf4 49. Rg4+ Ke5 50. Rxh4 Rxb3 51. Rh5+ Kd4 52. Rh8 Rb2+ 53. Kd1 Rf2 54.
Rd8+ Kc4 55. Rf8 b4 56. Ke1 Rh2 57. f4 b3 58. Rb8 b2 59. f5 Rh1+ 60. Kf2 b1=Q 61.
Rxb1 Rxb1 0-1

[Event "Late-Titled-Tuesday-Blitz-March-26-2024"]
[Site "Chess.com"]
[Date "2024.03.26"]
[Round "2"]
[White "Zq1"]
[Black "Andreikka"]
[Result "0-1"]
[WhiteElo "2632"]
[BlackElo "2997"]
[TimeControl "180+1"]
[EndTime "14:19:14 PDT"]
[Termination "Andreikka won on time"]

1. d4 Nf6 2. c4 e6 3. Nf3 h6 4.
Nc3 Bb4 5. Bd2 b6 6. a3 Bxc3 7. Bxc3 Bb7 8. e3 d6 9. Be2 Nbd7 10. O-O Ne4 11. Be1 O-O 12. b4 c5 13. dxc5 dxc5 14. Qc2 Qf6 15. Rb1 Rfd8 16. b5 Ng5 17. Bc3 e5 18.
Nd2 Qe6 19. f3 Nf8 20. Rfd1 Ng6 21. Nf1 Ne7 22. e4 f5 23. Nd2 Qf6 24. Bd3 f4 25.
Be2 Ne6 26. Nb3 Nd4 27. Bxd4 exd4 28. Bd3 Ng6 29. a4 Ne5 30. a5 Rd6 31. axb6 axb6 32. Ra1 Rf8 33. Ra7 Bc8 34. Rda1 Qg5 35. Kh1 Rg6 36.
Rd1 Be6 37. Ra4 Kh8 38. Qe2 Qh5 39. Re1 Rff6 40. Rf1 Rg5 41. Nd2 Rfg6 42. Rg1 Qh4 0-1

[Event "Late-Titled-Tuesday-Blitz-March-26-2024"]
[Site "Chess.com"]
[Date "2024.03.26"]
[Round "2"]
[White "GAO"]
[Black "Slovineanu"]
[Result "1-0"]
[WhiteElo "2326"]
[BlackElo "2511"]
[TimeControl "180+1"]
[EndTime "14:19:14 PDT"]
[Termination "GAO won by resignation"]

1. Nf3 Nf6 2. b3 d5 3. Bb2 e6 4.
g3 Be7 5. Bg2 O-O 6. O-O b6 7.
c4 Bb7 8. d3 c5 9. Nbd2 Nc6 10.
cxd5 exd5 11. d4 Rc8 12. e3 Ba6 13. Re1 Bd3 14. Ne5 Nxe5 15. dxe5 Ne8 16. Nb1 c4 17. Nc3 Nc7 18. Rc1 b5 19. Ne2 Ne6 20. Nc3 Bb4 21. a3 Bxc3 22. Rxc3 a5 23. Rxd3 cxd3 24. Qxd3 Rc5 25. b4 axb4 26. axb4 Rc4 27. Qxd5 Qxd5 28. Bxd5 Rxb4 29. Ba3 Ra4 30. Bxf8 Kxf8 31. Rb1 Nc7 32. Bc6 Ra5 33. Kf1 Ke7 34. Ke2 f6 35. exf6+ gxf6 36. h4 Kd6 37. Be4 h6 38. Kf3 Ra6 39. Kg4 Rb6 40. Kh5 b4 41. Bc2 Ne6 42. Bb3 Nc5 43.
Bg8 b3 44. Kxh6 b2 45. Kg7 Ne4 46. Bh7 Nxf2 47. h5 Ke6 48. Bg8+ Ke7 49. h6 Ne4 50. h7 Nc3 51. Rxb2 Rxb2 52. h8=Q Rg2 53.
Qh3 Rg1 54. Qe6+ 1-0

[Event "Late-Titled-Tuesday-Blitz-March-26-2024"]
[Site "Chess.com"]
[Date "2024.03.26"]
[Round "2"]
[White "djano"]
[Black "mitrabhaa"]
[Result "0-1"]
[WhiteElo "2669"]
[BlackElo "3063"]
[TimeControl "180+1"]
[EndTime "14:19:15 PDT"]
[Termination "mitrabhaa won on time"]

1. e4 c6 2. d4 d5 3. exd5 cxd5 4. Bd3 Nf6 5. c3 Nc6 6. Bf4 Bg4 7. Qb3 Qd7 8. Nd2 e6 9. Ngf3 Bd6 10. Bxd6 Qxd6 11.
O-O O-O 12. Rae1 Bxf3 13. Nxf3 Qc7 14. Qc2 g6 15. Qd2 Kg7 16. g3 Rab8 17. h4 b5 18. a3 a5 19. Ne5 Nxe5 20. dxe5 Nd7 21. Qf4 h5 22. Re3 b4 23. axb4 axb4 24. cxb4 Rfc8 25.
Rfe1 Qd8 26. b5 Nc5 27. Rf3 Qe7 28. Qb4 Rb7 29. Bf1 Ne4 30. Qd4 Qc7 31. Rf4 Qa5 32.
Qe3 Rcc7 33. Bd3 Nd2 34. b4 Qa2 35. Rf6 Rc3 36. Qd4 Qb3 37. Be2 Ne4 38. Rf4 Rxg3+ 39.
fxg3 Qxg3+ 40. Kh1 Qxf4 41. Rf1 Ng3+ 42. Kg2 Qxd4 43. Kxg3 Qxe5+ 0-1

[Event "Late-Titled-Tuesday-Blitz-March-26-2024"]
[Site "Chess.com"]
[Date "2024.03.26"]
[Round "2"]
[White "ProfessorChess101"]
[Black "ElDivis"]
[Result "1-0"]
[WhiteElo "2774"]
[BlackElo "2481"]
[TimeControl "180+1"]
[EndTime "14:19:16 PDT"]
[Termination "ProfessorChess101 won by resignation"]

1. d4 Nf6 2. c4 g6 3. Nc3 Bg7 4. e4 d6 5. Nf3 O-O 6. Be2 e5 7. O-O Nc6 8. dxe5 dxe5 9. Bg5 Qxd1 10. Rfxd1 h6 11. Be3 Re8 12. Nd5 Nxd5 13. cxd5 Nd4 14.
Kf1 Nxe2 15. Kxe2 b6 16. Rac1 Ba6+ 17. Ke1 Rac8 18. Nd2 f5 19. f3 f4 20. Bf2 Bf8 21. a3 Bd6 22. Rc3 Bb5 23. Rdc1 Kf7 24. Nc4 Bd7 25. Kd2 g5 26. Nxd6+ cxd6 27. Rc7 Rxc7 28. Rxc7 Re7 29. Rxa7 b5 30. Bb6 Be8 31. Ra8 Rb7 32. Ba5 h5 33. Bb4 Rd7 34. h3 Ke7 35. Rb8 g4 36.
hxg4 hxg4 37. fxg4 Bg6 38. Kd3 Rc7 39. Rb6 Rc1 40.
Bxd6+ Kf7 41. Bxe5 Rd1+ 42. Ke2 Rg1 43. Rf6+ Ke7 44. Rxg6 Rxg2+ 45. Kf3 1-0

[Event "Late-Titled-Tuesday-Blitz-March-26-2024"]
[Site "Chess.com"]
[Date "2024.03.26"]
[Round "2"]
[White "rdarruda"]
[Black "BallottiLuca"]
[Result "1-0"]
[WhiteElo "2531"]
[BlackElo "2341"]
[TimeControl "180+1"]
[EndTime "14:19:16 PDT"]
[Termination "rdarruda won on time"]

1. d4 Nf6 2. Nf3 g6 3. Nc3 d5 4. Bg5 Bg7 5. Bxf6 Bxf6 6. e4 dxe4 7. Nxe4 Bg7 8. Bc4 O-O 9. O-O Nc6 10. c3 Bg4 11. h3 Bxf3 12. Qxf3 e5 13. Nc5 exd4 14. Nxb7 Qf6 15. Qxf6 Bxf6 16. cxd4 Bxd4 17. Bd5 Nb4 18. Bb3 a5 19. a3 Nc6 20. Ba4 Ne7 21. Rfe1 Nf5 22.
Rab1 Rfb8 23. Bc6 Ra6 24. Be4 Ng7 25. b4 axb4 26. axb4 Ne6 27. Bd5 Nf4 28. Bf3 Ra2 29. Re4 Bxf2+ 30. Kh2 Ne6 31. Rc4 Bb6 32. Rd1 Kg7 33. Nc5 Bxc5 34. bxc5 Rbb2 35. Rd7 Rf2 36. Bd5 Kf6 37. Rg4 h5 38. Rg3 Rad2 39. c6 Ke5 40.
Re3+ Kd4 41. Rg3 Kc5 42. Bxe6 fxe6 43. Rxc7 Rd6 44. Rc3+ Kd4 45. Rc1 Kd5 46. Rd7 Rd2 47. c7 1-0

[Event "Late-Titled-Tuesday-Blitz-March-26-2024"]
[Site "Chess.com"]
[Date "2024.03.26"]
[Round "2"]
[White "Siemba"]
[Black "Agibileg"]
[Result "0-1"]
[WhiteElo "2458"]
[BlackElo "2767"]
[TimeControl "180+1"]
[EndTime "14:19:17 PDT"]
[Termination "Agibileg won on time"]

1. e4 c5 2. Nf3 e6 3. d4 cxd4 4.
Nxd4 Nc6 5. Nc3 a6 6. Be3 Nf6 7. Qd2 e5 8. Nxc6 bxc6 9. f4 Ng4 10. Bc4 Nxe3 11. Qxe3 Bb4 12. O-O O-O 13. Kh1 d6 14. Rad1 Qe7 15. f5 Qf6 16. Na4 Rb8 17. a3 Ba5 18.
Qa7 Bb7 19. Bxa6 Ba8 20. Bc4 Qd8 21. f6 d5 22. fxg7 Kxg7 23. Nc5 Kh8 24. Rxf7 Rxf7 25. Qxf7 Qf8 26. Qh5 Qf6 27. Nd7 Qe6 28. Nxb8 dxc4 29.
Nd7 Bc7 30. Nc5 Qe7 31. b4 cxb3 32. Nxb3 c5 33. Nxc5 Bc6 34. Nd3 Bxe4 35. Re1 Bg6 36. Qf3 e4 37. Qh3 Qd6 0-1

[Event "Late-Titled-Tuesday-Blitz-March-26-2024"]
[Site "Chess.com"]
[Date "2024.03.26"]
[Round "2"]
[White "varunkrishnanchess"]
[Black "alexrustemov"]
[Result "1/2-1/2"]
[WhiteElo "2622"]
[BlackElo "2922"]
[TimeControl "180+1"]
[EndTime "14:19:18 PDT"]
[Termination "Game drawn - insufficient material"]

1. e4 e6 2. d4 d5 3. Nc3 dxe4 4. Nxe4 Bd7 5. Nf3 Bc6 6. Bd3 Nd7 7. O-O Ngf6 8. Qe2 Nxe4 9. Bxe4 Bxe4 10. Qxe4 c6 11. c3 Bd6 12. Bg5 Qa5 13. Qe2 O-O 14. Be3 Rfe8 15.
Nd2 Qf5 16. Qf3 Qxf3 17. Nxf3 f6 18. Rfe1 Kf7 19. h3 b5 20. Nd2 a5 21. a4 Nb6 22.
b3 Rec8 23. c4 bxc4 24. Nxc4 Nxc4 25. bxc4 c5 26. dxc5 Bxc5 27. Bxc5 Rxc5 28. Rab1 Ra7 29. Re4 Rac7 30. Rb5 e5 31. Kf1 Ke6 32. Ke2 f5 33.
Re3 f4 34. Reb3 Rxc4 35. Rxa5 Rc2+ 36. Kf3 Kf5 37. g4+ Kf6 38. Rb6+ R7c6 39. Raa6 Rxb6 40. Rxb6+ Kg5 41. Rb5 Rc3+ 42. Ke4 Rxh3 43. f3 Kh4 44. Rxe5 Kg3 45. Rh5 Rxh5 46. gxh5 g5 47. hxg6 hxg6 48. a5 g5 49. a6 g4 50. a7 gxf3 51. a8=Q f2 52.
Qa3+ Kg2 53. Qf3+ Kg1 54. Qg4+ Kh1 55. Qh5+ Kg1 56. Qg5+ Kh1 57. Qh4+ Kg1 58. Qg4+ Kh1 59. Qf3+ Kg1 60. Qxf2+ Kxf2 61. Kxf4 1/2-1/2

[Event "Late-Titled-Tuesday-Blitz-March-26-2024"]
[Site "Chess.com"]
[Date "2024.03.26"]
[Round "2"]
[White "ccccvhhhj"]
[Black "frequentblunders"]
[Result "0-1"]
[WhiteElo "2455"]
[BlackElo "2221"]
[TimeControl "180+1"]
[EndTime "14:19:20 PDT"]
[Termination "frequentblunders won on time"]

1. e4 e6 2. Nf3 c5 3. b4 d5 4. e5 cxb4 5. a3 bxa3 6. Nxa3 Nc6 7. c3 a6 8. d4 Bd7 9. Bd3 b5 10. O-O Na5 11. Bg5 Qb6 12. Nd2 h6 13. Be3 Ne7 14. f4 Nc4 15. Naxc4 dxc4 16. Be4 Bc6 17. Kh1 Nd5 18.
Bg1 Nxc3 19. Bxc6+ Qxc6 20. Qg4 g6 21. Rac1 Nd5 22. Ne4 O-O-O 23. Bf2 Kb7 24. Bh4 g5 25. fxg5 hxg5 26. Bxg5 Rd7 27. Bd2 b4 28. Ng5 Rg8 29. Qf3 Rg7 30. h4 c3 31. Qd3 Rc7 32.
Be3 b3 33. Rb1 b2 34. Qc2 a5 35. Bg1 a4 36. Rf3 a3 37. Qb3+ Qb6 38. Qa2 c2 39. Rff1 cxb1=Q 40. Rxb1 Rc1 41. Kh2 Rxg1 42. Rxg1 Qxd4 0-1

[Event "Late-Titled-Tuesday-Blitz-March-26-2024"]
[Site "Chess.com"]
[Date "2024.03.26"]
[Round "2"]
[White "familijatop71"]
[Black "ATM622"]
[Result "0-1"]
[WhiteElo "2312"]
[BlackElo "2527"]
[TimeControl "180+1"]
[EndTime "14:19:21 PDT"]
[Termination "ATM622 won on time"]

1. e4 c6 2. d4 d5 3. e5 g6 4. h3 Bg7 5. Nf3 Bf5 6. Bd3 Bxd3 7. Qxd3 e6 8. O-O Ne7 9. Bg5 Nd7 10. Nbd2 O-O 11. c3 Qe8 12. Rfe1 h6 13. Bh4 Nf5 14. Nf1 c5 15. Bg3 cxd4 16. cxd4 Nb6 17. b3 Rc8 18. Rac1 Qd7 19. Bh2 a5 20. g4 Ne7 21. Nh4 Nc6 22. f4 Nb4 23. Qb1 Rxc1 24. Rxc1 Rc8 25. a3 Nc6 26.
Qd3 Qe7 27. Bg3 Qxa3 28. f5 Qxc1 29. fxe6 fxe6 30. Nxg6 Qb2 31. Bf2 Nd7 32. Ng3 Nf8 33. Nh5 Re8 34. Nf6+ Bxf6 35. exf6 Qc1+ 36. Kg2 Qg5 37.
Bh4 Qxg6 38. f7+ Kxf7 39. Qb5 Qe4+ 40. Kg3 Kg8 41. Qxb7 Nxd4 42. Be7 Qf3+ 43. Kh2 Ng6 0-1

[Event "Late-Titled-Tuesday-Blitz-March-26-2024"]
[Site "Chess.com"]
[Date "2024.03.26"]
[Round "2"]
[White "ilya2700"]
[Black "dawid498"]
[Result "1-0"]
[WhiteElo "2344"]
[BlackElo "2700"]
[TimeControl "180+1"]
[EndTime "14:19:25 PDT"]
[Termination "ilya2700 won by checkmate"]

1. d4 Nf6 2. c4 g6 3. Nc3 Bg7 4. e4 O-O 5. f4 d6 6. Nf3 c5 7. d5 b5 8. cxb5 a6 9. a4 Qa5 10. Bd2 Qb4 11. Qc2 axb5 12. Bxb5 Ba6 13. e5 dxe5 14. fxe5 Bxb5 15. exf6 Bxf6 16. Nxb5 Qxb2 17.
Qxb2 Bxb2 18. Ra2 Bf6 19. O-O Nd7 20. Bc3 Rfb8 21. Bxf6 Nxf6 22. Nc3 Rb3 23. Rc1 Rd8 24. a5 Ra8 25. Ne5 Rb7 26. Nc6 Kf8 27. a6 Rb6 28.
a7 Nxd5 29. Nxd5 Rxc6 30. Rb1 Kg7 31. Rb8 Rxa7 32. Rxa7 Rd6 33. Nxe7 Rd1+ 34. Kf2 c4 35. Rc8 Rd2+ 36. Kf1 Rd1+ 37. Ke2 Rg1 38. Kf2 Rc1 39. h3 Rc2+ 40. Kg1 Rc1+ 41. Kh2 c3 42. Rac7 Re1 43. Nd5 Rd1 44. Nxc3 Rd3 45. Ne4 h6 46. Ra8 Rd4 47. Ng3 Kf6 48. Raa7 Kg5 49. Rxf7 h5 50. Rg7 Kh4 51.
Rxg6 Rf4 52. Nf5+ Rxf5 53. g3# 1-0

[Event "Late-Titled-Tuesday-Blitz-March-26-2024"]
[Site "Chess.com"]
[Date "2024.03.26"]
[Round "2"]
[White "jcibarra"]
[Black "SaqoChess_Twitch"]
[Result "0-1"]
[WhiteElo "2984"]
[BlackElo "2654"]
[TimeControl "180+1"]
[EndTime "14:19:26 PDT"]
[Termination "SaqoChess_Twitch won by checkmate"]

1. e4 c5 2. Nf3 d6 3. d4 cxd4 4. Nxd4 Nf6 5. Nc3 g6 6. Be3 Bg7 7. f3 O-O 8. Qd2 Nc6 9. O-O-O d5 10. Kb1 Nxd4 11. e5 Nf5 12. exf6 exf6 13. Nxd5 Be6 14. Bc5 Re8 15. Bb5 Bxd5 16. Bxe8 Bxa2+ 17. Kxa2 Qxe8 18. Qd7 Qe5 19. Qd5 Qc7 20. c3 h5 21. Rhe1 Qxh2 22. Qxb7 Rb8 23. Qxa7 Rc8 24. Re2 Qf4 25. Re4 Qg3 26. Rd2 Nh4 27. Rd7 Qg5 28. Ba3 Bh6 29. c4 f5 30. Red4 Bg7 31. Be7 Qc1 32. Bxh4 Rxc4 33.
Bf2 Rc2 34. Rd8+ Kh7 35. Qa3 Qf1 36. Bg3 Rc1 37. Qd3 Ra1+ 38. Kb3 Qc1 39. R8d7 Qc6 40.
Rxf7 Qa4+ 41. Kc3 Rc1+ 42. Kd2 Qd1+ 43. Ke3 Qg1+ 44. Bf2 Qh2 45. Rxg7+ Kxg7 46. Rd7+ Kh6 47. Ke2 f4 48. Rd5 Qxg2 49. Rd6 Qf1+ 50. Kd2 Qd1# 0-1

[Event "Late-Titled-Tuesday-Blitz-March-26-2024"]
[Site "Chess.com"]
[Date "2024.03.26"]
[Round "2"]
[White "publicaccountcze"]
[Black "DinaBelenkaya"]
[Result "0-1"]
[WhiteElo "2241"]
[BlackElo "2482"]
[TimeControl "180+1"]
[EndTime "14:19:26 PDT"]
[Termination "DinaBelenkaya won on time"]

1. e4 c6 2. d4 d5 3. Nc3 dxe4 4. Nxe4 Bf5 5. Ng3 Bg6 6. h4 h6 7. h5 Bh7 8. f4 e6 9. Nf3 Ne7 10. Bd3 Bxd3 11. Qxd3 Nd7 12. Bd2 Nf6 13. O-O-O Qc7 14. Ne5 Ned5 15. c4 Nb4 16. Qb3 a5 17. a3 a4 18. Qf3 Na6 19. Rhe1 O-O-O 20. Bc3 c5 21. d5 exd5 22. cxd5 Bd6 23. Nf5 c4 24. Rd4 b5 25. Nc6 Nc5 26. Qf2 Nb3+ 27. Kb1 Nxd4 28.
Qxd4 Rde8 29. Rd1 Ne4 30. Ba5 Qb7 31. Re1 Bc5 32. Rxe4 Bxd4 33. Rxe8+ Rxe8 34. Nd6+ Kd7 35. Nxb7 Re1+ 36. Kc2 Re2+ 37. Kd1 Re4 38. Nxd4 Rxd4+ 39. Kc2 Rxf4 40. Bc3 Rf2+ 41. Kd1 Rxg2 42. Nc5+ Kd6 43. Ne4+ Kxd5 44. Nd2 Rh2 45. Ke1 Rxh5 46. Bxg7 Rh1+ 47.
Ke2 Rh2+ 48. Ke3 h5 49. Bc3 h4 50. Nf3 Rh1 51. Kf2 Ke4 52. Kg2 Rc1 53. Nxh4 f5 54.
Nf3 f4 55. Nd2+ Kd3 56. Kf3 Rxc3 57. bxc3 Kxd2 58. Kxf4 Kxc3 59. Ke3 Kb2 60. Kd4 c3 0-1

[Event "Late-Titled-Tuesday-Blitz-March-26-2024"]
[Site "Chess.com"]
[Date "2024.03.26"]
[Round "2"]
[White "Tol_Tol"]
[Black "Nicolik"]
[Result "0-1"]
[WhiteElo "2302"]
[BlackElo "2516"]
[TimeControl "180+1"]
[EndTime "14:19:28 PDT"]
[Termination "Nicolik won by resignation"]

1. d4 d5 2. c4 e6 3. Nc3 Nf6 4. Bg5 c6 5. e3 h6 6. Bxf6 Qxf6 7. Nf3 g6 8. Qc2 Bg7 9. Rc1 O-O 10. Bd3 dxc4 11. Bxc4 b5 12. Bd3 Qe7 13. Ne4 Bb7 14. Nc5 Rc8 15. O-O Na6 16. Nxa6 Bxa6 17. Qc5 Qxc5 18.
Rxc5 Bf8 19. Rc2 c5 20. dxc5 Rxc5 21. Rxc5 Bxc5 22. Rc1 Bb6 23. a4 Rd8 24. Bf1 g5 25.
axb5 Bb7 26. Ne5 Rd2 27. b4 Bd5 28. h4 f6 29. Ng6 Kg7 30. h5 Be4 31. Ne7 f5 32.
Nc8 f4 33. Nxb6 axb6 34. f3 fxe3 35. Re1 Bd5 36. Rxe3 Rb2 37. Rc3 g4 38. fxg4 Rxb4 39. Be2 Kf6 40. Rc8 Kg5 41. Rb8 Kf4 42. Rxb6 Kg3 43.
Ra6 Rb1+ 44. Bf1 Bc4 45. Ra3+ Kh4 46. Rf3 Bxb5 47. Rf4 Kg3 48. Rf3+ Kxg4 49. Rf6 Rxf1+ 50. Rxf1 Bxf1 51. Kxf1 Kxh5 52. Kf2 Kg4 53. Kg1 Kg3 54. Kf1 h5 55. Kg1 h4 56. Kf1 e5 57. Kg1 e4 58.
Kf1 e3 59. Ke2 Kxg2 60. Kxe3 h3 0-1

[Event "Late-Titled-Tuesday-Blitz-March-26-2024"]
[Site "Chess.com"]
[Date "2024.03.26"]
[Round "2"]
[White "b_6"]
[Black "Heliosis11"]
[Result "0-1"]
[WhiteElo "2494"]
[BlackElo "2298"]
[TimeControl "180+1"]
[EndTime "14:19:28 PDT"]
[Termination "Heliosis11 won by resignation"]

1. d4 Nf6 2. c4 e6 3. Nc3 Bb4 4. Qc2 O-O 5. Nf3 c5 6. dxc5 Na6 7. g3 Nxc5 8. Bg2 b6 9. O-O Bb7 10. Nb5 Nce4 11. a3 Be7 12. Ng5 d5 13. Rd1 Rc8 14. Nxe4 Nxe4 15. Bxe4 Qe8 16. Bg2 Qxb5 17. b3 Qa6 18. Bb2 dxc4 19. Rd7 Bxg2 20. Kxg2 cxb3 21. Qxb3 Bg5 22. e3 Qe2 23. Bd4 Rc2 24. Rf1 e5 25. Bxe5 Bxe3 26. Qd3 Qxd3 27. Rxd3 Bc5 28. Rd7 Bxa3 29. Rxa7 Bc5 30. Rd7 Rc8 31. Kh3 f6 32.
Bd4 Bxd4 33. Rxd4 b5 34. Rb1 R8c5 35. Rdb4 Rxf2 36. Rxb5 Rcc2 37. Rb8+ Kf7 38. R8b7+ Kg6 39. R1b5 Rxh2+ 40. Kg4 h5+ 41. Kf3 Rc3+ 42. Ke4 Rxg3 43.
Rc7 Rg4+ 44. Kf3 Rh3+ 45. Kf2 Rh2+ 46. Kf3 Ra2 47. Rbb7 Ra3+ 48. Kf2 Kh6 49. Rc8 g6 50. Rb5 f5 51. Rc6 h4 52. Rxf5 h3 53. Rf3 Rg2+ 0-1

[Event "Late-Titled-Tuesday-Blitz-March-26-2024"]
[Site "Chess.com"]
[Date "2024.03.26"]
[Round "2"]
[White "norwaytoadog"]
[Black "Josetricks"]
[Result "0-1"]
[WhiteElo "2390"]
[BlackElo "2695"]
[TimeControl "180+1"]
[EndTime "14:19:29 PDT"]
[Termination "Josetricks won on time"]

1. e4 g6 2. d4 Bg7 3. Nc3 c6 4. h3 d5 5. Nf3 dxe4 6. Nxe4 Nf6 7. Nxf6+ exf6 8. Bc4 O-O 9. O-O a5 10. Bf4 Na6 11. c3 Nc7 12. a4 Nd5 13. Bd2 Be6 14. Bd3 Re8 15. Qc2 Bf8 16. Rfe1 Bd6 17. Re2 Qd7 18.
Rae1 Nf4 19. Bxf4 Bxf4 20. c4 Kg7 21. Qc3 Red8 22. Rd1 h5 23. Be4 Bf5 24. d5 Bxe4 25.
Rxe4 Qf5 26. Qd4 Bc7 27. Nh4 Qg5 28. Nf3 Qf5 29. Nh4 Qd7 30. Rd3 cxd5 31. cxd5 Ra6 32.
g4 hxg4 33. Rxg4 Be5 34. Qe4 Rh8 35. f4 Bxb2 36. Rdg3 Qc7 37. Rxg6+ fxg6 38. Qxg6+ Kf8 39. Nf5 Qc1+ 40. Kh2 Qd2+ 41. Kg1 Qe1+ 42. Kg2 Qd2+ 43.
Kg1 Bd4+ 44. Nxd4 Qxd4+ 45. Kg2 Qxd5+ 46. Kh2 Qf7 47. Qe4 Re6 48. Qd4 Re2+ 49. Kg1 Re8 50. Qd6+ Qe7 0-1

[Event "Late-Titled-Tuesday-Blitz-March-26-2024"]
[Site "Chess.com"]
[Date "2024.03.26"]
[Round "2"]
[White "Savagelittlemole"]
[Black "Binary010"]
[Result "0-1"]
[WhiteElo "2520"]
[BlackElo "2781"]
[TimeControl "180+1"]
[EndTime "14:19:31 PDT"]
[Termination "Binary010 won by resignation"]

1. e4 c5 2. Ne2 d6 3. g3 Nc6 4.
Bg2 g6 5. c3 e5 6. d4 exd4 7.
cxd4 Bg7 8. Be3 Nge7 9. O-O O-O 10.
Nbc3 Bg4 11. f3 cxd4 12. Nxd4 Bd7 13. Ndb5 Ne5 14. Nxd6 Bc6 15. f4 Ng4 16. Qxg4 Qxd6 17. Rad1 Qb4 18. Qe2 Bxc3 19. bxc3 Qa4 20. Rd4 Qa3 21. c4 Rfe8 22. Re1 Rad8 23. Rxd8 Rxd8 24. Bf2 Qa4 25. Bc5 Nc8 26. h4 b6 27. Bf2 Nd6 28.
Rd1 Rd7 29. e5 Nf5 30. Rxd7 Bxd7 31. g4 Ne7 32. Bf3 Be6 33. Qd3 Kg7 34. f5 gxf5 35.
gxf5 Bxf5 36. Be4 Bxe4 37. Qxe4 Qxa2 38. e6 fxe6 39. Bd4+ Kf8 40. Qf4+ Ke8 41. Qb8+ Kd7 42. Qb7+ Ke8 43. Qb8+ Kf7 44. Qf4+ Nf5 45. Qc7+ Kg6 46. Qe5 Qb1+ 47. Kf2 Qc2+ 48. Ke1 Qc1+ 49. Kf2 Qd2+ 50. Kf1 Qd1+ 51. Kf2 Qxd4+ 52. Qxd4 Nxd4 53. Ke3 e5 0-1

[Event "Late-Titled-Tuesday-Blitz-March-26-2024"]
[Site "Chess.com"]
[Date "2024.03.26"]
[Round "2"]
[White "ImportedItalianMaple"]
[Black "stepanosinovsky"]
[Result "0-1"]
[WhiteElo "2519"]
[BlackElo "2378"]
[TimeControl "180+1"]
[EndTime "14:19:31 PDT"]
[Termination "stepanosinovsky won on time"]

1. Nf3 Nf6 2. g3 g6 3. Bg2 Bg7 4. O-O O-O 5. d4 d6 6. c4 Nbd7 7. Nc3 e5 8. e4 c6 9. h3 Qb6 10. c5 dxc5 11. dxe5 Ne8 12. e6 fxe6 13. Ng5 Ne5 14.
f4 c4+ 15. Kh2 Nd3 16. e5 Nxb2 17. Qe2 Nd3 18. Be3 Qa5 19. Nce4 Bd7 20. Qc2 b5 21. Nc5 Qc7 22. Nxd3 cxd3 23. Qxd3 Rd8 24. Rfd1 c5 25. Nxe6 Bxe6 26. Qxd8 c4 27. Qxc7 Nxc7 28. Bxa7 Rc8 29.
Bb6 Bf8 30. Bxc7 Rxc7 31. Bd5 Kf7 32. Kg2 b4 33. Kf3 c3 34. Bb3 Bc5 35. Rac1 Ra7 36. Ke4 Rxa2 37. Rd7+ Be7 38. Bxa2 Bxa2 39. Ra1 b3 40.
Rb7 c2 41. Kd3 Ke6 42. Ra7 b2 43. Ra6+ Kf7 44. R6xa2 c1=Q 0-1

[Event "Late-Titled-Tuesday-Blitz-March-26-2024"]
[Site "Chess.com"]
[Date "2024.03.26"]
[Round "2"]
[White "Revan_2002"]
[Black "BillieKimbah"]
[Result "1-0"]
[WhiteElo "2641"]
[BlackElo "2954"]
[TimeControl "180+1"]
[EndTime "14:19:34 PDT"]
[Termination "Revan_2002 won by checkmate"]

1. d4 Nf6 2. c4 e6 3. Nc3 d5 4. cxd5 exd5 5. Bg5 c6 6. e3 Bd6 7. Bd3 O-O 8. Nge2 Re8 9. Qc2 h6 10. Bh4 a5 11. Bg3 Na6 12. a3 Nc7 13. O-O Ne6 14.
Rae1 Ng5 15. Bxd6 Qxd6 16. Ng3 b5 17. f3 b4 18. axb4 axb4 19. Na4 h5 20. Nb6 Rb8 21. Nxc8 Rexc8 22. Nf5 Qf8 23. e4 Ne6 24. e5 Ne8 25. f4 g6 26. Ne3 c5 27. Nxd5 Nxd4 28.
Qc4 Ng7 29. Nf6+ Kh8 30. Ne4 Rd8 31. Nd6 Rd7 32. Qxc5 Nge6 33. Qd5 Rbd8 34. f5 gxf5 35. Bxf5 Qh6 36. Bxe6 Nxe6 37. Rxf7 Qg6 38. Rf6 Rxd6 39. Qxd6 Qc2 40. Qxe6 Rd2 41. Qe8+ Kg7 42. Qf7+ Kh8 43. Qf8+ Kh7 44. Rh6# 1-0

[Event "Late-Titled-Tuesday-Blitz-March-26-2024"]
[Site "Chess.com"]
[Date "2024.03.26"]
[Round "2"]
[White "Kosak12"]
[Black "Nf3c5"]
[Result "0-1"]
[WhiteElo "2781"]
[BlackElo "2558"]
[TimeControl "180+1"]
[EndTime "14:19:36 PDT"]
[Termination "Nf3c5 won by resignation"]

1. b4 e5 2. Bb2 Bxb4 3. Bxe5 Nf6 4. e3 d5 5. Nf3 O-O 6. c3 Ba5 7. Bxf6 Qxf6 8. d4 c5 9. Be2 Nc6 10. O-O c4 11. e4 dxe4 12. Nfd2 Qg6 13. Nxc4 Bh3 14.
Ne3 Bc7 15. Nd2 Qd6 16. f4 exf3 17. Nxf3 Bd7 18. Bd3 g6 19. g3 Rae8 20. Qd2 Bh3 21. Rfe1 a6 22. Ng5 Bc8 23. Rf1 Nxd4 24. Nxf7 Rxf7 25.
Rxf7 Kxf7 26. cxd4 Bb6 27. Rf1+ Kg7 28. Nc4 Qxd4+ 29. Kg2 Qd5+ 30. Rf3 Bg4 31. Qf4 Bxf3+ 32. Qxf3 Qxf3+ 33. Kxf3 Bd4 34. Be4 b5 35. Nd6 Rf8+ 36. Ke2 Rf2+ 37. Kd3 Be5 38. Ne8+ Kf8 39. Bc6 Rxa2 40.
Ke4 Bb8 41. Nf6 Re2+ 42. Kf3 Re6 43. Nd7+ Ke7 44. Nxb8 Kd6 45. Be4 Kc7 46. Nc6 Rxc6 47. Kf4 Rc4 48. Ke5 Rxe4+ 49. Kxe4 Kc6 50. Kd4 a5 51. g4 a4 52. g5 a3 53. Kc3 b4+ 54.
Kb3 Kb5 55. h4 Kc5 56. h5 gxh5 0-1

[Event "Late-Titled-Tuesday-Blitz-March-26-2024"]
[Site "Chess.com"]
[Date "2024.03.26"]
[Round "2"]
[White "Mikayel99"]
[Black "Gravity_Chess"]
[Result "0-1"]
[WhiteElo "2561"]
[BlackElo "2838"]
[TimeControl "180+1"]
[EndTime "14:19:37 PDT"]
[Termination "Gravity_Chess won by resignation"]

1. d4 Nf6 2. Nf3 g6 3. g3 Bg7 4. Bg2 O-O 5. O-O d6 6. b3 Nbd7 7. Bb2 a5 8. a4 Ne4 9. Nbd2 Nxd2 10.
Nxd2 e5 11. Nc4 Qe7 12. dxe5 Nxe5 13. Nxe5 Bxe5 14. Bxe5 Qxe5 15. Qd2 h5 16. Rad1 Re8 17. e3 h4 18. Qd4 h3 19. Qxe5 Rxe5 20. Bf3 Bf5 21.
Bxb7 Rb8 22. Bd5 Bxc2 23. Rd2 Be4 24. Bc4 Rc5 25. f3 Bf5 26. Rfd1 Be6 27. Bxe6 fxe6 28. Kf2 Rxb3 29. g4 Rcc3 30. Re2 Kf7 31. f4 Rb4 32. Ra1 Rcc4 33. Rea2 g5 34. f5 Rxg4 35. fxe6+ Kxe6 36. Kf3 c5 37. Rd2 Rg2 38. Rxg2 hxg2 39. Kxg2 Ke5 40. Kf3 g4+ 41. Kg3 d5 42. Rf1 Rxa4 43.
Rf8 Ra3 44. Re8+ Kd6 45. Kxg4 c4 46. h4 Ra1 47. Rc8 Re1 48. Kf4 Rf1+ 49. Kg3 a4 50. h5 Rh1 51. Ra8 Rxh5 52. Rxa4 Ke5 53. Ra8 Ke4 54. Re8+ Re5 55. Ra8 Kxe3 56. Kg2 d4 57.
Kf1 Kd3 58. Ra1 c3 59. Kf2 c2 60. Kf3 Kd2 61. Kf4 Re1 62. Ra3 c1=Q 0-1

[Event "Late-Titled-Tuesday-Blitz-March-26-2024"]
[Site "Chess.com"]
[Date "2024.03.26"]
[Round "2"]
[White "dcremisi"]
[Black "Sina_Movahed"]
[Result "0-1"]
[WhiteElo "2673"]
[BlackElo "3071"]
[TimeControl "180+1"]
[EndTime "14:19:39 PDT"]
[Termination "Sina_Movahed won by resignation"]

1. Nf3 Nf6 2. c4 g6 3. b3 Bg7 4.
Bb2 O-O 5. g3 d6 6. Bg2 e5 7. d3 Re8 8. O-O Nbd7 9. Nbd2 c6 10. Qc2 h6 11. Ne4 Nxe4 12. dxe4 Nc5 13. Rfd1 Qc7 14.
Ne1 a5 15. Nd3 Ne6 16. c5 Nd4 17. Bxd4 exd4 18. cxd6 Qxd6 19. Rac1 h5 20. h4 Bh6 21. f4 a4 22. b4 Bf8 23. e5 Qe7 24. a3 Bf5 25.
Qc4 Red8 26. Nf2 Be6 27. Qd3 Bb3 28. Re1 Qd7 29. Ne4 Be7 30. Nc5 Bxc5 31. Rxc5 Qe7 32.
f5 Kh7 33. Rf1 Bd5 34. fxg6+ fxg6 35. Rf6 Bf7 36. Be4 Rg8 37. Qf3 Kg7 38. b5 Raf8 39.
Rc1 cxb5 40. Qf4 Be8 41. Rf1 b4 42. Bd5 Rh8 43. axb4 a3 44. Qxd4 Kh7 45. e6 Rxf6 46.
Rxf6 Rf8 47. Rxf8 Qxf8 48. Qe5 Qg7 49. Qb8 Bc6 50. Bxc6 a2 51. Qa8 a1=Q+ 52. Qxa1 Qxa1+ 53. Kg2 bxc6 0-1